Workbook

Sheet Resumo Polo I
B1: GRUPO 03 / POLO III
G3: =B1 -> GRUPO 03 / POLO III
G4: ITEM | H4: CATSER | I4: ESPECIFICAÇÃO | N4: VALOR MENSAL | P4: VALOR 36 MESES
G5: 11 | H5: 23507 | I5: Posto de vigilância diurno, escala 44 horas semanais de segunda a sexta-feira envolvendo 1 vigilante, para Gerências Executivas ABCD e Santos, e unidades subordinadas | N5: =F33+F54 -> 547112.75 | P5: =N5*36 -> 19696059
G6: 12 | H6: 23647 | I6: Posto de vigilância diurno, escala 12x36 horas de segunda-feira a domingo envolvendo 2 vigilantes, para Gerências Executivas ABCD e Santos, e unidades subordinadas | N6: =I33+I54 -> 208809.98 | P6: =N6*36 -> 7517159.3
G7: 13 | H7: 23957 | I7: Posto de vigilância noturno, escala 12x36 horas de segunda-feira a domingo envolvendo 2 vigilantes, para Gerências Executivas ABCD e Santos, e unidades subordinadas | N7: =L33+L54 -> 188147.98 | P7: =N7*36 -> 6773327.2
G8: 14 | H8: 23507 | I8: Hora eventual diurna, para Gerências Executivas ABCD e Santos, e unidades subordinadas | N8: =O33+O54 -> 3258.4404 | P8: =N8*36 -> 117303.85
G9: 15 | H9: 23957 | I9: Hora eventual noturna, para Gerências Executivas ABCD e Santos, e unidades subordinadas | N9: =R33+R54 -> 593.45545 | P9: =N9*36 -> 21364.396
G10: VALOR TOTAL MENSAL | N10: =SUM(N5:N9) -> 947922.61
G11: VALOR TOTAL GLOBAL 36 MESES | N11: =SUM(P5:Q9) -> 34125214
G14: DIVISÃO POR GERÊNCIAS POLO III
G15: GERÊNCIA EXECUTIVA | J15: VALOR MENSAL | N15: ESCALA DE TRABALHO | R15: QUANTIDADE DE POSTOS
G16: =B23 -> GERÊNCIA EXECUTIVA ABCD | J16: =S33 -> 448816.78 | N16: 44 horas semanais de segunda a sexta-feira | R16: =D33+D54 -> 68
G17: =B36 -> GERÊNCIA EXECUTIVA SANTOS | J17: =S54 -> 499105.83 | N17: 12x36 horas diurnas de segunda-feira a domingo | R17: =G33+G54 -> 13
G18: VALOR GLOBAL MENSAL | J18: =SUM(J16:J17) -> 947922.61 | N18: 12x36 horas noturnas de segunda-feira a domingo | R18: =J33+J54 -> 10
G19: VALOR GLOBAL 36 MESES | J19: =J18*36 -> 34125214
N20: HORAS EVENTUAIS | R20: QUANTIDADE DE HORAS
N21: horas eventuais diurnas | R21: =M33+M54 -> 89
N22: horas eventuais noturnas | R22: =P33+P54 -> 14
B23: GERÊNCIA EXECUTIVA ABCD
B24: UNIDADES | C24: ISS% | D24: 44 HORAS | G24: 12 x 36 DIURNO | J24: 12 x 36 NOTURNO | M24: HORA EVENTUAL DIURNA | P24: HORA EVENTUAL NOTURNA | S24: VALOR MENSAL
D25: QUANT. | E25: VALOR UNIT. MENSAL | F25: VALOR MENSAL | G25: QUANT. | H25: VALOR UNIT. MENSAL | I25: VALOR MENSAL | J25: QUANT. | K25: VALOR UNIT. MENSAL | L25: VALOR MENSAL | M25: QUANT. | N25: VALOR DA HORA | O25: VALOR MENSAL | P25: QUANT. | Q25: VALOR DA HORA | R25: VALOR MENSAL
B26: AGÊNCIA DA PREVIDÊNCIA SOCIAL DIADEMA | C26: 0.03 | D26: 4 | E26: =VLOOKUP($C26,'Memória de Cálculo 3'!$B$2:$E$10,2, ) -> 7999.3898 | F26: =D26*E26 -> 31997.559 | G26: 0 | H26: =VLOOKUP($C26,'Memória de Cálculo 3'!$B$2:$E$10,3, ) -> 15954.826 | I26: =G26*H26 -> 0 | J26: 0 | K26: =VLOOKUP($C26,'Memória de Cálculo 3'!$B$2:$E$10,4, ) -> 18651.457 | L26: =J26*K26 -> 0 | M26: 4 | N26: =VLOOKUP($C26,'Memória de Cálculo 3'!$B$2:$G$10,5, ) -> 36.360863 | O26: =M26*N26 -> 145.44345 | Q26: =VLOOKUP($C26,'Memória de Cálculo 3'!$B$2:$G$10,6, ) -> 42.389675 | R26: =P26*Q26 -> 0 | S26: =F26+I26+L26+O26+R26 -> 32143.003
B27: AGÊNCIA DA PREVIDÊNCIA SOCIAL MAUÁ | C27: 0.03 | D27: 3 | E27: =VLOOKUP($C27,'Memória de Cálculo 3'!$B$2:$E$10,2, ) -> 7999.3898 | F27: =D27*E27 -> 23998.17 | G27: 1 | H27: =VLOOKUP($C27,'Memória de Cálculo 3'!$B$2:$E$10,3, ) -> 15954.826 | I27: =G27*H27 -> 15954.826 | J27: 1 | K27: =VLOOKUP($C27,'Memória de Cálculo 3'!$B$2:$E$10,4, ) -> 18651.457 | L27: =J27*K27 -> 18651.457 | M27: 4 | N27: =VLOOKUP($C27,'Memória de Cálculo 3'!$B$2:$G$10,5, ) -> 36.360863 | O27: =M27*N27 -> 145.44345 | Q27: =VLOOKUP($C27,'Memória de Cálculo 3'!$B$2:$G$10,6, ) -> 42.389675 | R27: =P27*Q27 -> 0 | S27: =F27+I27+L27+O27+R27 -> 58749.896
B28: AGÊNCIA DA PREVIDÊNCIA SOCIAL RIBEIRÃO PIRES | C28: 0.05 | D28: 2 | E28: =VLOOKUP($C28,'Memória de Cálculo 3'!$B$2:$E$10,2, ) -> 8174.527 | F28: =D28*E28 -> 16349.054 | G28: 1 | H28: =VLOOKUP($C28,'Memória de Cálculo 3'!$B$2:$E$10,3, ) -> 16304.138 | I28: =G28*H28 -> 16304.138 | J28: 1 | K28: =VLOOKUP($C28,'Memória de Cálculo 3'!$B$2:$E$10,4, ) -> 19059.809 | L28: =J28*K28 -> 19059.809 | M28: 4 | N28: =VLOOKUP($C28,'Memória de Cálculo 3'!$B$2:$G$10,5, ) -> 37.156941 | O28: =M28*N28 -> 148.62776 | Q28: =VLOOKUP($C28,'Memória de Cálculo 3'!$B$2:$G$10,6, ) -> 43.317747 | R28: =P28*Q28 -> 0 | S28: =F28+I28+L28+O28+R28 -> 51861.628
B29: AGÊNCIA DA PREVIDÊNCIA SOCIAL SANTO ANDRÉ | C29: 0.03 | D29: 7 | E29: =VLOOKUP($C29,'Memória de Cálculo 3'!$B$2:$E$10,2, ) -> 7999.3898 | F29: =D29*E29 -> 55995.729 | G29: 1 | H29: =VLOOKUP($C29,'Memória de Cálculo 3'!$B$2:$E$10,3, ) -> 15954.826 | I29: =G29*H29 -> 15954.826 | J29: 0 | K29: =VLOOKUP($C29,'Memória de Cálculo 3'!$B$2:$E$10,4, ) -> 18651.457 | L29: =J29*K29 -> 0 | M29: 4 | N29: =VLOOKUP($C29,'Memória de Cálculo 3'!$B$2:$G$10,5, ) -> 36.360863 | O29: =M29*N29 -> 145.44345 | Q29: =VLOOKUP($C29,'Memória de Cálculo 3'!$B$2:$G$10,6, ) -> 42.389675 | R29: =P29*Q29 -> 0 | S29: =F29+I29+L29+O29+R29 -> 72095.998
B30: AGÊNCIA DA PREVIDÊNCIA SOCIAL SÃO BERNARDO DO CAMPO | C30: 0.03 | D30: 11 | E30: =VLOOKUP($C30,'Memória de Cálculo 3'!$B$2:$E$10,2, ) -> 7999.3898 | F30: =D30*E30 -> 87993.288 | G30: 2 | H30: =VLOOKUP($C30,'Memória de Cálculo 3'!$B$2:$E$10,3, ) -> 15954.826 | I30: =G30*H30 -> 31909.651 | J30: 1 | K30: =VLOOKUP($C30,'Memória de Cálculo 3'!$B$2:$E$10,4, ) -> 18651.457 | L30: =J30*K30 -> 18651.457 | M30: 4 | N30: =VLOOKUP($C30,'Memória de Cálculo 3'!$B$2:$G$10,5, ) -> 36.360863 | O30: =M30*N30 -> 145.44345 | Q30: =VLOOKUP($C30,'Memória de Cálculo 3'!$B$2:$G$10,6, ) -> 42.389675 | R30: =P30*Q30 -> 0 | S30: =F30+I30+L30+O30+R30 -> 138699.84
B31: AGÊNCIA DA PREVIDÊNCIA SOCIAL SÃO CAETANO DO SUL | C31: 0.05 | D31: 3 | E31: =VLOOKUP($C31,'Memória de Cálculo 3'!$B$2:$E$10,2, ) -> 8174.527 | F31: =D31*E31 -> 24523.581 | G31: 1 | H31: =VLOOKUP($C31,'Memória de Cálculo 3'!$B$2:$E$10,3, ) -> 16304.138 | I31: =G31*H31 -> 16304.138 | J31: 1 | K31: =VLOOKUP($C31,'Memória de Cálculo 3'!$B$2:$E$10,4, ) -> 19059.809 | L31: =J31*K31 -> 19059.809 | M31: 4 | N31: =VLOOKUP($C31,'Memória de Cálculo 3'!$B$2:$G$10,5, ) -> 37.156941 | O31: =M31*N31 -> 148.62776 | Q31: =VLOOKUP($C31,'Memória de Cálculo 3'!$B$2:$G$10,6, ) -> 43.317747 | R31: =P31*Q31 -> 0 | S31: =F31+I31+L31+O31+R31 -> 60036.155
B32: GERÊNCIA DA PREVIDÊNCIA SOCIAL ABCD | C32: 0.03 | D32: 0 | E32: =VLOOKUP($C32,'Memória de Cálculo 3'!$B$2:$E$10,2, ) -> 7999.3898 | F32: =D32*E32 -> 0 | G32: 1 | H32: =VLOOKUP($C32,'Memória de Cálculo 3'!$B$2:$E$10,3, ) -> 15954.826 | I32: =G32*H32 -> 15954.826 | J32: 1 | K32: =VLOOKUP($C32,'Memória de Cálculo 3'!$B$2:$E$10,4, ) -> 18651.457 | L32: =J32*K32 -> 18651.457 | M32: 9 | N32: =VLOOKUP($C32,'Memória de Cálculo 3'!$B$2:$G$10,5, ) -> 36.360863 | O32: =M32*N32 -> 327.24777 | P32: 7 | Q32: =VLOOKUP($C32,'Memória de Cálculo 3'!$B$2:$G$10,6, ) -> 42.389675 | R32: =P32*Q32 -> 296.72773 | S32: =F32+I32+L32+O32+R32 -> 35230.258
B33: VALOR GLOBAL MENSAL | D33: =SUM(D26:D32) -> 30 | F33: =SUM(F26:F32) -> 240857.38 | G33: =SUM(G26:G32) -> 7 | I33: =SUM(I26:I32) -> 112382.4 | J33: =SUM(J26:J32) -> 5 | L33: =SUM(L26:L32) -> 94073.988 | M33: =SUM(M26:M32) -> 33 | O33: =SUM(O26:O32) -> 1206.2771 | P33: =SUM(P26:P32) -> 7 | R33: =SUM(R26:R32) -> 296.72773 | S33: =SUM(S26:S32) -> 448816.78
B34: VALOR GLOBAL | S34: =S33*36 -> 16157404
B36: GERÊNCIA EXECUTIVA SANTOS
B37: UNIDADES | C37: ISS% | D37: 44 HORAS | G37: 12 x 36 DIURNO | J37: 12 x 36 NOTURNO | M37: Hora Extra no Sábado (44 horas semanais) | P37: Hora Extra no Domingo e Feriado (44 horas semanais) | S37: VALOR MENSAL
D38: QUANT. | E38: VALOR UNIT. MENSAL | F38: VALOR MENSAL | G38: QUANT. | H38: VALOR UNIT. MENSAL | I38: VALOR MENSAL | J38: QUANT. | K38: VALOR UNIT. MENSAL | L38: VALOR MENSAL | M38: QUANT. | N38: VALOR DA HORA | O38: VALOR MENSAL | P38: QUANT. | Q38: VALOR DA HORA | R38: VALOR MENSAL
B39: AGÊNCIA DA PREVIDÊNCIA SOCIAL BERTIOGA | C39: 0.03 | D39: 2 | E39: =VLOOKUP($C39,'Memória de Cálculo 3'!$B$2:$E$10,2, ) -> 7999.3898 | F39: =D39*E39 -> 15998.78 | G39: 0 | H39: =VLOOKUP($C39,'Memória de Cálculo 3'!$B$2:$E$10,3, ) -> 15954.826 | I39: =G39*H39 -> 0 | J39: 0 | K39: =VLOOKUP($C39,'Memória de Cálculo 3'!$B$2:$E$10,4, ) -> 18651.457 | L39: =J39*K39 -> 0 | M39: 4 | N39: =VLOOKUP($C39,'Memória de Cálculo 3'!$B$2:$G$10,5, ) -> 36.360863 | O39: =M39*N39 -> 145.44345 | Q39: =VLOOKUP($C39,'Memória de Cálculo 3'!$B$2:$G$10,6, ) -> 42.389675 | R39: =P39*Q39 -> 0 | S39: =F39+I39+L39+O39+R39 -> 16144.223
B40: AGÊNCIA DA PREVIDÊNCIA SOCIAL CAJATI | C40: 0.05 | D40: 2 | E40: =VLOOKUP($C40,'Memória de Cálculo 3'!$B$2:$E$10,2, ) -> 8174.527 | F40: =D40*E40 -> 16349.054 | G40: 0 | H40: =VLOOKUP($C40,'Memória de Cálculo 3'!$B$2:$E$10,3, ) -> 16304.138 | I40: =G40*H40 -> 0 | J40: 0 | K40: =VLOOKUP($C40,'Memória de Cálculo 3'!$B$2:$E$10,4, ) -> 19059.809 | L40: =J40*K40 -> 0 | M40: 4 | N40: =VLOOKUP($C40,'Memória de Cálculo 3'!$B$2:$G$10,5, ) -> 37.156941 | O40: =M40*N40 -> 148.62776 | Q40: =VLOOKUP($C40,'Memória de Cálculo 3'!$B$2:$G$10,6, ) -> 43.317747 | R40: =P40*Q40 -> 0 | S40: =F40+I40+L40+O40+R40 -> 16497.682
B41: AGÊNCIA DA PREVIDÊNCIA SOCIAL CUBATÃO | C41: 0.05 | D41: 3 | E41: =VLOOKUP($C41,'Memória de Cálculo 3'!$B$2:$E$10,2, ) -> 8174.527 | F41: =D41*E41 -> 24523.581 | G41: 1 | H41: =VLOOKUP($C41,'Memória de Cálculo 3'!$B$2:$E$10,3, ) -> 16304.138 | I41: =G41*H41 -> 16304.138 | J41: 1 | K41: =VLOOKUP($C41,'Memória de Cálculo 3'!$B$2:$E$10,4, ) -> 19059.809 | L41: =J41*K41 -> 19059.809 | M41: 4 | N41: =VLOOKUP($C41,'Memória de Cálculo 3'!$B$2:$G$10,5, ) -> 37.156941 | O41: =M41*N41 -> 148.62776 | Q41: =VLOOKUP($C41,'Memória de Cálculo 3'!$B$2:$G$10,6, ) -> 43.317747 | R41: =P41*Q41 -> 0 | S41: =F41+I41+L41+O41+R41 -> 60036.155
B42: AGÊNCIA DA PREVIDÊNCIA SOCIAL GUARUJÁ | C42: 0.05 | D42: 3 | E42: =VLOOKUP($C42,'Memória de Cálculo 3'!$B$2:$E$10,2, ) -> 8174.527 | F42: =D42*E42 -> 24523.581 | G42: 1 | H42: =VLOOKUP($C42,'Memória de Cálculo 3'!$B$2:$E$10,3, ) -> 16304.138 | I42: =G42*H42 -> 16304.138 | J42: 1 | K42: =VLOOKUP($C42,'Memória de Cálculo 3'!$B$2:$E$10,4, ) -> 19059.809 | L42: =J42*K42 -> 19059.809 | M42: 4 | N42: =VLOOKUP($C42,'Memória de Cálculo 3'!$B$2:$G$10,5, ) -> 37.156941 | O42: =M42*N42 -> 148.62776 | Q42: =VLOOKUP($C42,'Memória de Cálculo 3'!$B$2:$G$10,6, ) -> 43.317747 | R42: =P42*Q42 -> 0 | S42: =F42+I42+L42+O42+R42 -> 60036.155
B43: AGÊNCIA DA PREVIDÊNCIA SOCIAL IGUAPE | C43: 0.03 | D43: 2 | E43: =VLOOKUP($C43,'Memória de Cálculo 3'!$B$2:$E$10,2, ) -> 7999.3898 | F43: =D43*E43 -> 15998.78 | G43: 0 | H43: =VLOOKUP($C43,'Memória de Cálculo 3'!$B$2:$E$10,3, ) -> 15954.826 | I43: =G43*H43 -> 0 | J43: 0 | K43: =VLOOKUP($C43,'Memória de Cálculo 3'!$B$2:$E$10,4, ) -> 18651.457 | L43: =J43*K43 -> 0 | M43: 4 | N43: =VLOOKUP($C43,'Memória de Cálculo 3'!$B$2:$G$10,5, ) -> 36.360863 | O43: =M43*N43 -> 145.44345 | Q43: =VLOOKUP($C43,'Memória de Cálculo 3'!$B$2:$G$10,6, ) -> 42.389675 | R43: =P43*Q43 -> 0 | S43: =F43+I43+L43+O43+R43 -> 16144.223
B44: AGÊNCIA DA PREVIDÊNCIA SOCIAL ITANHAÉM | C44: 0.05 | D44: 2 | E44: =VLOOKUP($C44,'Memória de Cálculo 3'!$B$2:$E$10,2, ) -> 8174.527 | F44: =D44*E44 -> 16349.054 | G44: 0 | H44: =VLOOKUP($C44,'Memória de Cálculo 3'!$B$2:$E$10,3, ) -> 16304.138 | I44: =G44*H44 -> 0 | J44: 0 | K44: =VLOOKUP($C44,'Memória de Cálculo 3'!$B$2:$E$10,4, ) -> 19059.809 | L44: =J44*K44 -> 0 | M44: 4 | N44: =VLOOKUP($C44,'Memória de Cálculo 3'!$B$2:$G$10,5, ) -> 37.156941 | O44: =M44*N44 -> 148.62776 | Q44: =VLOOKUP($C44,'Memória de Cálculo 3'!$B$2:$G$10,6, ) -> 43.317747 | R44: =P44*Q44 -> 0 | S44: =F44+I44+L44+O44+R44 -> 16497.682
B45: AGÊNCIA DA PREVIDÊNCIA SOCIAL MIRACATU | C45: 0.03 | D45: 2 | E45: =VLOOKUP($C45,'Memória de Cálculo 3'!$B$2:$E$10,2, ) -> 7999.3898 | F45: =D45*E45 -> 15998.78 | G45: 0 | H45: =VLOOKUP($C45,'Memória de Cálculo 3'!$B$2:$E$10,3, ) -> 15954.826 | I45: =G45*H45 -> 0 | J45: 0 | K45: =VLOOKUP($C45,'Memória de Cálculo 3'!$B$2:$E$10,4, ) -> 18651.457 | L45: =J45*K45 -> 0 | M45: 4 | N45: =VLOOKUP($C45,'Memória de Cálculo 3'!$B$2:$G$10,5, ) -> 36.360863 | O45: =M45*N45 -> 145.44345 | Q45: =VLOOKUP($C45,'Memória de Cálculo 3'!$B$2:$G$10,6, ) -> 42.389675 | R45: =P45*Q45 -> 0 | S45: =F45+I45+L45+O45+R45 -> 16144.223
B46: AGÊNCIA DA PREVIDÊNCIA SOCIAL MONGAGUÁ | C46: 0.05 | D46: 2 | E46: =VLOOKUP($C46,'Memória de Cálculo 3'!$B$2:$E$10,2, ) -> 8174.527 | F46: =D46*E46 -> 16349.054 | G46: 0 | H46: =VLOOKUP($C46,'Memória de Cálculo 3'!$B$2:$E$10,3, ) -> 16304.138 | I46: =G46*H46 -> 0 | J46: 0 | K46: =VLOOKUP($C46,'Memória de Cálculo 3'!$B$2:$E$10,4, ) -> 19059.809 | L46: =J46*K46 -> 0 | M46: 4 | N46: =VLOOKUP($C46,'Memória de Cálculo 3'!$B$2:$G$10,5, ) -> 37.156941 | O46: =M46*N46 -> 148.62776 | Q46: =VLOOKUP($C46,'Memória de Cálculo 3'!$B$2:$G$10,6, ) -> 43.317747 | R46: =P46*Q46 -> 0 | S46: =F46+I46+L46+O46+R46 -> 16497.682
B47: AGÊNCIA DA PREVIDÊNCIA SOCIAL PERUÍBE | C47: 0.02 | D47: 2 | E47: =VLOOKUP($C47,'Memória de Cálculo 3'!$B$2:$E$10,2, ) -> 7914.6056 | F47: =D47*E47 -> 15829.211 | G47: 0 | H47: =VLOOKUP($C47,'Memória de Cálculo 3'!$B$2:$E$10,3, ) -> 15785.723 | I47: =G47*H47 -> 0 | J47: 0 | K47: =VLOOKUP($C47,'Memória de Cálculo 3'!$B$2:$E$10,4, ) -> 18453.773 | L47: =J47*K47 -> 0 | M47: 4 | N47: =VLOOKUP($C47,'Memória de Cálculo 3'!$B$2:$G$10,5, ) -> 35.97548 | O47: =M47*N47 -> 143.90192 | Q47: =VLOOKUP($C47,'Memória de Cálculo 3'!$B$2:$G$10,6, ) -> 41.940394 | R47: =P47*Q47 -> 0 | S47: =F47+I47+L47+O47+R47 -> 15973.113
B48: AGÊNCIA DA PREVIDÊNCIA SOCIAL PRAIA GRANDE/SP | C48: 0.03 | D48: 3 | E48: =VLOOKUP($C48,'Memória de Cálculo 3'!$B$2:$E$10,2, ) -> 7999.3898 | F48: =D48*E48 -> 23998.17 | G48: 0 | H48: =VLOOKUP($C48,'Memória de Cálculo 3'!$B$2:$E$10,3, ) -> 15954.826 | I48: =G48*H48 -> 0 | J48: 0 | K48: =VLOOKUP($C48,'Memória de Cálculo 3'!$B$2:$E$10,4, ) -> 18651.457 | L48: =J48*K48 -> 0 | M48: 4 | N48: =VLOOKUP($C48,'Memória de Cálculo 3'!$B$2:$G$10,5, ) -> 36.360863 | O48: =M48*N48 -> 145.44345 | Q48: =VLOOKUP($C48,'Memória de Cálculo 3'!$B$2:$G$10,6, ) -> 42.389675 | R48: =P48*Q48 -> 0 | S48: =F48+I48+L48+O48+R48 -> 24143.613
B49: AGÊNCIA DA PREVIDÊNCIA SOCIAL REGISTRO | C49: 0.04 | D49: 4 | E49: =VLOOKUP($C49,'Memória de Cálculo 3'!$B$2:$E$10,2, ) -> 8086.0102 | F49: =D49*E49 -> 32344.041 | G49: 0 | H49: =VLOOKUP($C49,'Memória de Cálculo 3'!$B$2:$E$10,3, ) -> 16127.59 | I49: =G49*H49 -> 0 | J49: 0 | K49: =VLOOKUP($C49,'Memória de Cálculo 3'!$B$2:$E$10,4, ) -> 18853.422 | L49: =J49*K49 -> 0 | M49: 4 | N49: =VLOOKUP($C49,'Memória de Cálculo 3'!$B$2:$G$10,5, ) -> 36.754592 | O49: =M49*N49 -> 147.01837 | Q49: =VLOOKUP($C49,'Memória de Cálculo 3'!$B$2:$G$10,6, ) -> 42.848686 | R49: =P49*Q49 -> 0 | S49: =F49+I49+L49+O49+R49 -> 32491.059
B50: AGÊNCIA DA PREVIDÊNCIA SOCIAL SANTOS | C50: 0.03 | D50: 6 | E50: =VLOOKUP($C50,'Memória de Cálculo 3'!$B$2:$E$10,2, ) -> 7999.3898 | F50: =D50*E50 -> 47996.339 | G50: 1 | H50: =VLOOKUP($C50,'Memória de Cálculo 3'!$B$2:$E$10,3, ) -> 15954.826 | I50: =G50*H50 -> 15954.826 | J50: 0 | K50: =VLOOKUP($C50,'Memória de Cálculo 3'!$B$2:$E$10,4, ) -> 18651.457 | L50: =J50*K50 -> 0 | M50: 4 | N50: =VLOOKUP($C50,'Memória de Cálculo 3'!$B$2:$G$10,5, ) -> 36.360863 | O50: =M50*N50 -> 145.44345 | Q50: =VLOOKUP($C50,'Memória de Cálculo 3'!$B$2:$G$10,6, ) -> 42.389675 | R50: =P50*Q50 -> 0 | S50: =F50+I50+L50+O50+R50 -> 64096.608
B51: AGÊNCIA DA PREVIDÊNCIA SOCIAL SÃO VICENTE/SP | C51: 0.03 | D51: 5 | E51: =VLOOKUP($C51,'Memória de Cálculo 3'!$B$2:$E$10,2, ) -> 7999.3898 | F51: =D51*E51 -> 39996.949 | G51: 1 | H51: =VLOOKUP($C51,'Memória de Cálculo 3'!$B$2:$E$10,3, ) -> 15954.826 | I51: =G51*H51 -> 15954.826 | J51: 1 | K51: =VLOOKUP($C51,'Memória de Cálculo 3'!$B$2:$E$10,4, ) -> 18651.457 | L51: =J51*K51 -> 18651.457 | M51: 4 | N51: =VLOOKUP($C51,'Memória de Cálculo 3'!$B$2:$G$10,5, ) -> 36.360863 | O51: =M51*N51 -> 145.44345 | Q51: =VLOOKUP($C51,'Memória de Cálculo 3'!$B$2:$G$10,6, ) -> 42.389675 | R51: =P51*Q51 -> 0 | S51: =F51+I51+L51+O51+R51 -> 74748.675
B52: ARQUIVO SANTOS EPITÁCIO PESSOA, 441 | C52: 0.03 | D52: 0 | E52: =VLOOKUP($C52,'Memória de Cálculo 3'!$B$2:$E$10,2, ) -> 7999.3898 | F52: =D52*E52 -> 0 | G52: 1 | H52: =VLOOKUP($C52,'Memória de Cálculo 3'!$B$2:$E$10,3, ) -> 15954.826 | I52: =G52*H52 -> 15954.826 | J52: 1 | K52: =VLOOKUP($C52,'Memória de Cálculo 3'!$B$2:$E$10,4, ) -> 18651.457 | L52: =J52*K52 -> 18651.457 | N52: =VLOOKUP($C52,'Memória de Cálculo 3'!$B$2:$G$10,5, ) -> 36.360863 | O52: =M52*N52 -> 0 | Q52: =VLOOKUP($C52,'Memória de Cálculo 3'!$B$2:$G$10,6, ) -> 42.389675 | R52: =P52*Q52 -> 0 | S52: =F52+I52+L52+O52+R52 -> 34606.283
B53: GERÊNCIA EXECUTIVA SANTOS | C53: 0.03 | D53: 0 | E53: =VLOOKUP($C53,'Memória de Cálculo 3'!$B$2:$E$10,2, ) -> 7999.3898 | F53: =D53*E53 -> 0 | G53: 1 | H53: =VLOOKUP($C53,'Memória de Cálculo 3'!$B$2:$E$10,3, ) -> 15954.826 | I53: =G53*H53 -> 15954.826 | J53: 1 | K53: =VLOOKUP($C53,'Memória de Cálculo 3'!$B$2:$E$10,4, ) -> 18651.457 | L53: =J53*K53 -> 18651.457 | M53: 4 | N53: =VLOOKUP($C53,'Memória de Cálculo 3'!$B$2:$G$10,5, ) -> 36.360863 | O53: =M53*N53 -> 145.44345 | P53: 7 | Q53: =VLOOKUP($C53,'Memória de Cálculo 3'!$B$2:$G$10,6, ) -> 42.389675 | R53: =P53*Q53 -> 296.72773 | S53: =F53+I53+L53+O53+R53 -> 35048.454
B54: VALOR GLOBAL MENSAL | D54: =SUM(D39:D53) -> 38 | F54: =SUM(F39:F53) -> 306255.37 | G54: =SUM(G39:G53) -> 6 | I54: =SUM(I39:I53) -> 96427.578 | J54: =SUM(J39:J53) -> 5 | L54: =SUM(L39:L53) -> 94073.988 | M54: =SUM(M39:M53) -> 56 | O54: =SUM(O39:O53) -> 2052.1633 | P54: =SUM(P39:P53) -> 7 | R54: =SUM(R39:R53) -> 296.72773 | S54: =SUM(S39:S53) -> 499105.83
B55: VALOR GLOBAL | S55: =S54*36 -> 17967810

Sheet Planilha de Custos
A1: PLANILHA ESTIMATIVA
A2: Planilha Estimativa de Custos e Formação de Preços para Serviços de Vigilância
B4: Salário Normativo da Categoria: | C4: 2271.74
B5: Data base da Categoria: | C5: 46023
B6: Convenção Coletiva: | C6: SP000195/2026
B7: CBO/MTE: | C7: 5173-30
A9: CUSTOS | B9: Percentuais e Valores de Referência | C9: 44 horas semanais diurnas | D9: 12 x 36 diurnas | E9: 12 x 36 noturnas
A10: MÓDULO 1: COMPOSIÇÃO DA REMUNERAÇÃO
A11: 1 - Composição da Remuneração | B11: Valores/Percentuais | C11: Valor (R$) | D11: Valor (R$) | E11: Valor (R$)
A12: A - Salário-Base | B12: =C4 -> 2271.74 | C12: =$B12 -> 2271.74 | D12: =$B12*2 -> 4543.48 | E12: =$B12*2 -> 4543.48
A13: B - Adicional de Periculosidade | B13: 0.3 | C13: =C12*$B13 -> 681.522 | D13: =D12*$B13 -> 1363.044 | E13: =E12*$B13 -> 1363.044
A14: C - Adicional de Insalubridade
A15: D - Adicional Noturno | B15: 0.2 | E15: =(((E12+E13)/12)*7)*B15 -> 689.09447
A16: E - Adicional de Hora Noturna Reduzida | E16: =((E12+E13)/12)+(((E12+E13)/12)*20%) -> 590.6524
A17: F - Adicional de Hora-Extra
A18: G - Outros (especificar)
A19: Total | C19: =SUM(C12:C18) -> 2953.262 | D19: =SUM(D12:D18) -> 5906.524 | E19: =SUM(E12:E18) -> 7186.2709
A21: MÓDULO 2: ENCARGOS E BENEFÍCIOS ANUAIS, MENSAIS E DIÁRIOS
A22: 2.1 - 13º Salário, Férias e Adicional de Férias | B22: Percentuais | C22: Valor (R$) | D22: Valor (R$) | E22: Valor (R$)
A23: A - 13º salário | B23: =1/12 -> 0.083333333 | C23: =C19*$B23 -> 246.10517 | D23: =D19*$B23 -> 492.21033 | E23: =E19*$B23 -> 598.85591
A24: B - Férias e Adicional de Férias | B24: =(1/3)*(1/12) -> 0.027777778 | C24: =C19*$B24 -> 82.035056 | D24: =D19*$B24 -> 164.07011 | E24: =E19*$B24 -> 199.61864
A25: Total | B25: =SUM(B23:B24) -> 0.11111111 | C25: =SUM(C23:C24) -> 328.14022 | D25: =SUM(D23:D24) -> 656.28044 | E25: =SUM(E23:E24) -> 798.47454
A26: 2.2 - GPS, FGTS e outras contribuições (Incide sobre os Módulos 1 e 2.1) | B26: Percentuais | C26: Valor (R$) | D26: Valor (R$) | E26: Valor (R$)
A27: A - INSS | B27: 0.2 | C27: =(C$19+C$25)*$B27 -> 656.28044 | D27: =(D$19+D$25)*$B27 -> 1312.5609 | E27: =(E$19+E$25)*$B27 -> 1596.9491
A28: B - Salário Educação | B28: 0.025 | C28: =(C$19+C$25)*$B28 -> 82.035056 | D28: =(D$19+D$25)*$B28 -> 164.07011 | E28: =(E$19+E$25)*$B28 -> 199.61864
A29: C - SAT | B29: 0.03 | C29: =(C$19+C$25)*$B29 -> 98.442067 | D29: =(D$19+D$25)*$B29 -> 196.88413 | E29: =(E$19+E$25)*$B29 -> 239.54236
A30: D - SESI ou SESC | B30: 0.015 | C30: =(C$19+C$25)*$B30 -> 49.221033 | D30: =(D$19+D$25)*$B30 -> 98.442067 | E30: =(E$19+E$25)*$B30 -> 119.77118
A31: E - SENAI ou SENAC | B31: 0.01 | C31: =(C$19+C$25)*$B31 -> 32.814022 | D31: =(D$19+D$25)*$B31 -> 65.628044 | E31: =(E$19+E$25)*$B31 -> 79.847454
A32: F - SEBRAE | B32: 0.006 | C32: =(C$19+C$25)*$B32 -> 19.688413 | D32: =(D$19+D$25)*$B32 -> 39.376827 | E32: =(E$19+E$25)*$B32 -> 47.908472
A33: G - INCRA | B33: 0.002 | C33: =(C$19+C$25)*$B33 -> 6.5628044 | D33: =(D$19+D$25)*$B33 -> 13.125609 | E33: =(E$19+E$25)*$B33 -> 15.969491
A34: F - FGTS | B34: 0.08 | C34: =(C$19+C$25)*$B34 -> 262.51218 | D34: =(D$19+D$25)*$B34 -> 525.02436 | E34: =(E$19+E$25)*$B34 -> 638.77963
A35: Total | B35: =SUM(B27:B34) -> 0.368 | C35: =SUM(C27:C34) -> 1207.556 | D35: =SUM(D27:D34) -> 2415.112 | E35: =SUM(E27:E34) -> 2938.3863
A36: 2.3 - Benefícios Mensais e Diários | C36: Valor (R$) | D36: Valor (R$) | E36: Valor (R$)
A37: A - Transporte | B37: =' Memória de Cálculo 1'!E7 -> 4.61 | C37: =' Memória de Cálculo 1'!$F$14 -> 66.5356 | D37: =' Memória de Cálculo 1'!$F$10 -> 3.9912 | E37: =' Memória de Cálculo 1'!$F$10 -> 3.9912
A38: B - Auxílio-Refeição/Alimentação | B38: =' Memória de Cálculo 1'!D17 -> 42 | C38: =' Memória de Cálculo 1'!$F$22 -> 757.68 | D38: =' Memória de Cálculo 1'!$F$18 -> 1033.2 | E38: =' Memória de Cálculo 1'!$F$18 -> 1033.2
A39: C - Assistência Médica e Familiar ou Cesta Básica Suplementar | B39: 208.45 | C39: =$B39-($B39*5%) -> 198.0275 | D39: =($B39-($B39*5%))*2 -> 396.055 | E39: =($B39-($B39*5%))*2 -> 396.055
A40: D – Auxílio Funeral | B40: =' Memória de Cálculo 1'!D60 -> 0.72317057 | C40: =$B40 -> 0.72317057 | D40: =$B40*2 -> 1.4463411 | E40: =$B40*2 -> 1.4463411
A41: E – Seguro de Vida | B41: =' Memória de Cálculo 1'!D29 -> 14.589114 | C41: =$B41 -> 14.589114 | D41: =$B41*2 -> 29.178229 | E41: =$B41*2 -> 29.178229
A42: F – Reembolso-creche | B42: =' Memória de Cálculo 1'!D66 -> 105.328 | C42: =$B42 -> 105.328 | D42: =$B42*2 -> 210.656 | E42: =$B42*2 -> 210.656
A43: G – Outros | B43: 0 | C43: =$B43 -> 0 | D43: =$B43*2 -> 0 | E43: =$B43*2 -> 0
A44: Total | C44: =SUM(C37:C43) -> 1142.8834 | D44: =SUM(D37:D43) -> 1674.5268 | E44: =SUM(E37:E43) -> 1674.5268
A45: 2 - Encargos e Benefícios Anuais, Mensais e Diários | C45: Valor (R$) | D45: Valor (R$) | E45: Valor (R$)
A46: 2.1 - 13º Salário, Férias e Adicional de Férias | C46: =C25 -> 328.14022 | D46: =D25 -> 656.28044 | E46: =E25 -> 798.47454
A47: 2.2 - GPS, FGTS e outras contribuições | C47: =C35 -> 1207.556 | D47: =D35 -> 2415.112 | E47: =E35 -> 2938.3863
A48: 2.3 - Benefícios Mensais e Diários | C48: =C44 -> 1142.8834 | D48: =D44 -> 1674.5268 | E48: =E44 -> 1674.5268
A49: Total | C49: =SUM(C46:C48) -> 2678.5796 | D49: =SUM(D46:D48) -> 4745.9192 | E49: =SUM(E46:E48) -> 5411.3876
A51: MÓDULO 3: PROVISÃO PARA RESCISÃO
A52: 3 - Provisão para Rescisão | C52: Valor (R$) | D52: Valor (R$) | E52: Valor (R$)
A53: A - Aviso Prévio Indenizado | B53: =1/12*5% -> 0.0041666667 | C53: =C$19*$B53 -> 12.305258 | D53: =D$19*$B53 -> 24.610517 | E53: =E$19*$B53 -> 29.942795
A54: B - Incidência do FGTS sobre Aviso Prévio Indenizado | B54: =B34*B53 -> 0.00033333333 | C54: =C$19*$B54 -> 0.98442067 | D54: =D$19*$B54 -> 1.9688413 | E54: =E$19*$B54 -> 2.3954236
A55: C - Multa do FGTS e Contribuições Sociais sobre o Aviso Prévio Indenizado | B55: 0 | C55: =C$19*$B55 -> 0 | D55: =D$19*$B55 -> 0 | E55: =E$19*$B55 -> 0
A56: D - Aviso Prévio Trabalhado | B56: =1/30*7/12 -> 0.019444444 | C56: =C$19*$B56 -> 57.424539 | D56: =D$19*$B56 -> 114.84908 | E56: =E$19*$B56 -> 139.73304
A57: E - Incidência do GPS, FGTS e outras contribuições sobre o Aviso PrévioTrabalhado | B57: =B56*B35 -> 0.0071555556 | C57: =C$19*$B57 -> 21.13223 | D57: =D$19*$B57 -> 42.264461 | E57: =E$19*$B57 -> 51.42176
A58: F - Multa do FGTS e contribuição social nas rescisões sem justa causa | B58: =B34*40%*90%*(1+1/12+1/12+1/3*1/12) -> 0.0344 | C58: =C$19*$B58 -> 101.59221 | D58: =D$19*$B58 -> 203.18443 | E58: =E$19*$B58 -> 247.20772
A59: Total | B59: =SUM(B53:B58) -> 0.0655 | C59: =SUM(C53:C58) -> 193.43866 | D59: =SUM(D53:D58) -> 386.87732 | E59: =SUM(E53:E58) -> 470.70074
A61: MÓDULO 4: CUSTO DE REPOSIÇÃO DO PROFISSIONAL AUSENTE
A62: 4.1 - Substituto nas Ausências Legais | C62: Valor (R$) | D62: Valor (R$) | E62: Valor (R$)
A63: A - Substituto na cobertura de Férias | B63: =1/12 -> 0.083333333 | C63: =(C$19+C$49+C$59)*$B63 -> 485.44002 | D63: =(D$19+D$49+D$59)*$B63 -> 919.94338 | E63: =(E$19+E$49+E$59)*$B63 -> 1089.0299
A64: B - Substituto na cobertura de Ausências Legais | B64: =(' Memória de Cálculo 1'!D33/30/12) -> 0.0082222222 | C64: =(C$19+C$49+C$59)*$B64 -> 47.896749 | D64: =(D$19+D$49+D$59)*$B64 -> 90.767747 | E64: =(E$19+E$49+E$59)*$B64 -> 107.45095
A65: C - Substituto na cobertura de Licença-Paternidade | B65: =(' Memória de Cálculo 1'!E39/30/12)*' Memória de Cálculo 1'!E38*' Memória de Cálculo 1'!E37 -> 0.00057298883 | C65: =(C$19+C$49+C$59)*$B65 -> 3.3378206 | D65: =(D$19+D$49+D$59)*$B65 -> 6.3254074 | E65: =(E$19+E$49+E$59)*$B65 -> 7.4880239
A66: D - Substituto na cobertura de Ausências por Acidente de Trabalho | B66: =' Memória de Cálculo 1'!E43*(15/30/12) -> 0.0027125 | C66: =(C$19+C$49+C$59)*$B66 -> 15.801073 | D66: =(D$19+D$49+D$59)*$B66 -> 29.944157 | E66: =(E$19+E$49+E$59)*$B66 -> 35.447924
A67: E - Substituto na cobertura de Afastamento Maternidade | B67: =((180/30)/12)*' Memória de Cálculo 1'!E37*' Memória de Cálculo 1'!E53*B35 -> 0.00047770098 | C67: =(C$19+C$49+C$59)*$B67 -> 2.7827421 | D67: =(D$19+D$49+D$59)*$B67 -> 5.2734943 | E67: =(E$19+E$49+E$59)*$B67 -> 6.2427681
A68: F - Outros
A69: Total | B69: =SUM(B63:B68) -> 0.095318745 | C69: =SUM(C63:C68) -> 555.25841 | D69: =SUM(D63:D68) -> 1052.2542 | E69: =SUM(E63:E68) -> 1245.6596
A70: 4.2 - Substituto na Intrajornada | C70: Valor (R$) | D70: Valor (R$) | E70: Valor (R$)
A71: A - Substituto na Cobertura de Intervalo para Repouso ou Alimentação | B71: 0
A72: Total | B72: =SUM(B71) -> 0 | C72: =SUM(C71) -> 0 | D72: =SUM(D71) -> 0 | E72: =SUM(E71) -> 0
A73: 4.3 - Intrajornada Indenizada | C73: Valor (R$) | D73: Valor (R$) | E73: Valor (R$)
A74: A - Intrajornada Indenizada | B74: 0 | C74: 0 | D74: =((D12+D13)/2/220)*15*1.6*2 -> 644.34807 | E74: =((E12+E13)/2/220)*15*1.6*2 -> 644.34807
A75: Total | B75: =SUM(B74) -> 0 | C75: =SUM(C74) -> 0 | D75: =SUM(D74) -> 644.34807 | E75: =SUM(E74) -> 644.34807
A76: 4 - Custo de Reposição do Profissional Ausente | C76: Valor (R$) | D76: Valor (R$) | E76: Valor (R$)
A77: 4.1 - Substituto nas Ausências Legais | B77: =B69 -> 0.095318745 | C77: =C69 -> 555.25841 | D77: =D69 -> 1052.2542 | E77: =E69 -> 1245.6596
A78: 4.2 - Substituto na Intrajornada | B78: =B71 -> 0 | C78: =C72 -> 0 | D78: =D72 -> 0 | E78: =E72 -> 0
A79: 4.3 - Intrajornada Indenizada | B79: =B75 -> 0 | C79: =C75 -> 0 | D79: =D75 -> 644.34807 | E79: =E75 -> 644.34807
A80: Total | B80: =SUM(B77:B79) -> 0.095318745 | C80: =SUM(C77:C79) -> 555.25841 | D80: =SUM(D77:D79) -> 1696.6023 | E80: =SUM(E77:E79) -> 1890.0077
A82: MÓDULO 5: INSUMOS DIVERSOS
A83: 5 - Insumos Diversos | C83: Valor (R$) | D83: Valor (R$) | E83: Valor (R$)
A84: A - Uniformes | C84: ='Memória de Cálculo 2 (Insumos)'!G16 -> 205.19 | D84: ='Memória de Cálculo 2 (Insumos)'!G16*2 -> 410.38 | E84: ='Memória de Cálculo 2 (Insumos)'!G16*2 -> 410.38
A85: B - Materiais
A86: C - Equipamentos | C86: ='Memória de Cálculo 2 (Insumos)'!F24 -> 11.0928 | D86: ='Memória de Cálculo 2 (Insumos)'!F24 -> 11.0928 | E86: ='Memória de Cálculo 2 (Insumos)'!F26 -> 12.4678
A87: D - Outros (especificar) | C87: 0 | D87: 0 | E87: 0
A88: Total | C88: =SUM(C84:C87) -> 216.2828 | D88: =SUM(D84:D87) -> 421.4728 | E88: =SUM(E84:E87) -> 422.8478
A90: MÓDULO 6: CUSTOS INDIRETOS, TRIBUTOS E LUCRO
A91: 6 - Custos Indiretos, Tributos e Lucro | C91: Valor (R$) | D91: Valor (R$) | E91: Valor (R$)
A92: A - Custos Indiretos | B92: 0.06 | C92: =(C19+C49+C59+C80+C88)*$B92 -> 395.80929 | D92: =(D19+D49+D59+D80+D88)*$B92 -> 789.44374 | E92: =(E19+E49+E59+E80+E88)*$B92 -> 922.87288
A93: B - Lucro | B93: 0.0679 | C93: =(C19+C49+C59+C80+C88+C92)*$B93 -> 474.79963 | D93: =(D19+D49+D59+D80+D88+D92)*$B93 -> 946.99039 | E93: =(E19+E49+E59+E80+E88+E92)*$B93 -> 1107.0475
A94: C – Tributos (ISS 2,00 %) | B94: =SUM(B95:B98) -> 0.0565 | C94: =SUM(C95:C98) -> 447.17522 | D94: =SUM(D95:D98) -> 891.89336 | E94: =SUM(E95:E98) -> 1042.6382
A95: C.1 - Tributos Federais (PIS e COFINS) | B95: 0.0365 | C95: =((C$19+C$49+C$59+C$80+C$88+C$92+C$93)/(1-$B95-$B96-$B97))*$B95 -> 288.88311 | D95: =((D$19+D$49+D$59+D$80+D$88+D$92+D$93)/(1-$B95-$B96-$B97))*$B95 -> 576.17889 | E95: =((E$19+E$49+E$59+E$80+E$88+E$92+E$93)/(1-$B95-$B96-$B97))*$B95 -> 673.56273
A96: C.2 - Tributos Estaduais (especificar) | B96: 0 | C96: =((C$19+C$49+C$59+C$80+C$88+C$92+C$93)/(1-$B95-$B96-$B97))*$B96 -> 0 | D96: =((D$19+D$49+D$59+D$80+D$88+D$92+D$93)/(1-$B95-$B96-$B97))*$B96 -> 0 | E96: =((E$19+E$49+E$59+E$80+E$88+E$92+E$93)/(1-$B95-$B96-$B97))*$B96 -> 0
A97: C.3 - Tributos Municipais (especificar) | B97: 0.02 | C97: =((C$19+C$49+C$59+C$80+C$88+C$92+C$93)/(1-$B95-$B96-$B97))*$B97 -> 158.29211 | D97: =((D$19+D$49+D$59+D$80+D$88+D$92+D$93)/(1-$B95-$B96-$B97))*$B97 -> 315.71446 | E97: =((E$19+E$49+E$59+E$80+E$88+E$92+E$93)/(1-$B95-$B96-$B97))*$B97 -> 369.07547
A98: C.4 - Outros Tributos (especificar) | B98: 0
A99: C – Tributos (ISS 2,50 %) | B99: =SUM(B100:B103) -> 0.0615 | C99: =SUM(C100:C103) -> 489.34147 | D99: =SUM(D100:D103) -> 975.99417 | E99: =SUM(E100:E103) -> 1140.9534
A100: C.1 - Tributos Federais (PIS e COFINS) | B100: 0.0365 | C100: =((C$19+C$49+C$59+C$80+C$88+C$92+C$93)/(1-$B100-$B101-$B102))*$B100 -> 290.42217 | D100: =((D$19+D$49+D$59+D$80+D$88+D$92+D$93)/(1-$B100-$B101-$B102))*$B100 -> 579.24857 | E100: =((E$19+E$49+E$59+E$80+E$88+E$92+E$93)/(1-$B100-$B101-$B102))*$B100 -> 677.15123
A101: C.2 - Tributos Estaduais (especificar) | B101: 0 | C101: =((C$19+C$49+C$59+C$80+C$88+C$92+C$93)/(1-$B100-$B101-$B102))*$B101 -> 0 | D101: =((D$19+D$49+D$59+D$80+D$88+D$92+D$93)/(1-$B100-$B101-$B102))*$B101 -> 0 | E101: =((E$19+E$49+E$59+E$80+E$88+E$92+E$93)/(1-$B100-$B101-$B102))*$B101 -> 0
A102: C.3 - Tributos Municipais (especificar) | B102: 0.025 | C102: =((C$19+C$49+C$59+C$80+C$88+C$92+C$93)/(1-$B100-$B101-$B102))*$B102 -> 198.9193 | D102: =((D$19+D$49+D$59+D$80+D$88+D$92+D$93)/(1-$B100-$B101-$B102))*$B102 -> 396.7456 | E102: =((E$19+E$49+E$59+E$80+E$88+E$92+E$93)/(1-$B100-$B101-$B102))*$B102 -> 463.80221
A103: C.4 - Outros Tributos (especificar) | B103: 0
A104: C – Tributos (ISS 3,00 %) | B104: =SUM(B105:B108) -> 0.0665 | C104: =SUM(C105:C108) -> 531.95942 | D104: =SUM(D105:D108) -> 1060.9959 | E104: =SUM(E105:E108) -> 1240.3219
A105: C.1 - Tributos Federais (PIS e COFINS) | B105: 0.0365 | C105: =((C$19+C$49+C$59+C$80+C$88+C$92+C$93)/(1-$B105-$B106-$B107))*$B105 -> 291.97773 | D105: =((D$19+D$49+D$59+D$80+D$88+D$92+D$93)/(1-$B105-$B106-$B107))*$B105 -> 582.35114 | E105: =((E$19+E$49+E$59+E$80+E$88+E$92+E$93)/(1-$B105-$B106-$B107))*$B105 -> 680.77818
A106: C.2 - Tributos Estaduais (especificar) | B106: 0 | C106: =((C$19+C$49+C$59+C$80+C$88+C$92+C$93)/(1-$B105-$B106-$B107))*$B106 -> 0 | D106: =((D$19+D$49+D$59+D$80+D$88+D$92+D$93)/(1-$B105-$B106-$B107))*$B106 -> 0 | E106: =((E$19+E$49+E$59+E$80+E$88+E$92+E$93)/(1-$B105-$B106-$B107))*$B106 -> 0
A107: C.3 - Tributos Municipais (especificar) | B107: 0.03 | C107: =((C$19+C$49+C$59+C$80+C$88+C$92+C$93)/(1-$B105-$B106-$B107))*$B107 -> 239.9817 | D107: =((D$19+D$49+D$59+D$80+D$88+D$92+D$93)/(1-$B105-$B106-$B107))*$B107 -> 478.64477 | E107: =((E$19+E$49+E$59+E$80+E$88+E$92+E$93)/(1-$B105-$B106-$B107))*$B107 -> 559.54371
...

Sheet  Memória de Cálculo 1
B2: Memória de Cálculo
B4: Salário base mensal Vigilante | C4: ='Planilha de Custos'!B12 -> 2271.74
B6: VALE TRANSPORTE (12x36) | C6: BILHETES | D6: DIAS | E6: VALOR DA TARIFA | F6: VALOR MENSAL
B7: Quantidade de viagens/mês (2 bilhetes * 22 dias) | C7: 2 | D7: 15 | E7: 4.61 | F7: =C7*D7*E7 -> 138.3
B8: Parcela do empregado (6% salário base mensal) | F8: =C4*6% -> 136.3044
B9: Custo Mensal para 1 Vigilante (12x36) | F9: =F7-MIN(F8,F7) -> 1.9956
B10: Custo Total Mensal para 2 Vigilantes (12x36) | F10: =F9*2 -> 3.9912
B11: VALE TRANSPORTE (44hs) | C11: BILHETES | D11: DIAS | E11: VALOR DA TARIFA | F11: VALOR MENSAL
B12: Quantidade de viagens/mês (2 bilhetes * 22 dias) | C12: 2 | D12: 22 | E12: =E7 -> 4.61 | F12: =C12*D12*E12 -> 202.84
B13: Parcela do empregado (6% salário base mensal) | F13: =C4*6% -> 136.3044
B14: Custo Total Mensal (44hs) | F14: =F12-MIN(F13,F12) -> 66.5356
B16: VALE REFEIÇÃO (12x36) | C16: QTD DE TICKETS | D16: VALOR UNITÁRIO | E16: EMPREGADO (ESTIPULADO NA CCT) | F16: CUSTO TOTAL MENSAL
C17: 15 | D17: 42 | E17: =D17*18% -> 7.56 | F17: =(D17-E17)*C17 -> 516.6
B18: Custo Total Mensal para 2 Vigilantes (12x36) | F18: =F17*2 -> 1033.2
B20: VALE REFEIÇÃO (30 e 44 hs) | C20: QTD DE TICKETS | D20: VALOR UNITÁRIO | E20: EMPREGADO (ESTIPULADO NA CCT) | F20: CUSTO TOTAL MENSAL
C21: 22 | D21: =D17 -> 42 | E21: =D21*18% -> 7.56 | F21: =(D21-E21)*C21 -> 757.68
B22: Custo Total Mensal (44hs) | F22: =F21 -> 757.68
B24: Seguro de Vida (cláusula Vigésima Segunda CCT e Caderno Técnico de Vigilância, 2014)
B25: A - Salário Normativo | D25: ='Planilha de Custos'!C4 -> 2271.74
B26: B - Adicional de Periculosidade (30%) | D26: ='Planilha de Custos'!C13 -> 681.522
B27: C - Base de cálculo (A + B) X 52 | D27: =(D25+D26)*52 -> 153569.62
B28: D - Alíquota FIA (ver Caderno Técnico disponível em comprasgov) | D28: 9.5e-05
B29: E - Total mensal (por funcionário): C X D | D29: =D27*D28 -> 14.589114
B32: Média de faltas anuais por motivos legais
B33: Média de dias de ausências legais por ano | D33: 2.96
B34: (Fonte: Caderno Técnico Planilha de Custos e Formação de Preços, 1ª Edição/2023)
B36: Licença Paternidade
B37: Taxa Bruta de Natalidade 2026 (IBGE): | E37: 0.01291
B38: Percentual de homens no serviço de vigilância: | E38: 0.7989
B39: Duração da Licença Paternidade (em dias) | E39: 20
B40: (Fonte: Painel de Informações RAIS 2025 e IBGE)
B42: Ausências por acidente de trabalho
B43: Média de faltas anuais por acidente de trabalho: | E43: 0.0651
B44: (Fonte: CADTERC Novembro 2025)
B46: Afastamento Maternidade
B47: Discriminação do Item | D47: 44hs - Valor (R$) | E47: Diurnas - Valor (R$) | F47: Noturnas - Valor (R$)
B48: 13º Salário + Férias + Adicional Férias | D48: ='Planilha de Custos'!C19+'Planilha de Custos'!C19+('Planilha de Custos'!C19/3) -> 6890.9447 | E48: ='Planilha de Custos'!D19+'Planilha de Custos'!D19+('Planilha de Custos'!D19/3) -> 13781.889 | F48: ='Planilha de Custos'!E19+'Planilha de Custos'!E19+('Planilha de Custos'!E19/3) -> 16767.965
B49: Submódulo 2.2 | D49: ='Planilha de Custos'!C35 -> 1207.556 | E49: ='Planilha de Custos'!D35 -> 2415.112 | F49: ='Planilha de Custos'!E35 -> 2938.3863
B50: Benefícios Mensais ( - VT e VR) | D50: ='Planilha de Custos'!C44-'Planilha de Custos'!C37-'Planilha de Custos'!C38 -> 318.66778 | E50: ='Planilha de Custos'!D44-'Planilha de Custos'!D37-'Planilha de Custos'!D38 -> 637.33557 | F50: ='Planilha de Custos'!E44-'Planilha de Custos'!E37-'Planilha de Custos'!E38 -> 637.33557
B51: Base de Cálculo | D51: =SUM(D48:D50) -> 8417.1685 | E51: =SUM(E48:E50) -> 16834.337 | F51: =SUM(F48:F50) -> 20343.687
B53: Percentual de Mulheres: | E53: 0.2011
B54: Taxa Bruta de Natalidade 2026 (IBGE): | E54: =E37 -> 0.01291
B55: (Fonte: Painel de Informações RAIS 2025 e IBGE)
B57: Auxílio-Funeral
B58: Piso Salarial x 1,5 | D58: ='Planilha de Custos'!C12*2 -> 4543.48
B59: Taxa média de incidência de ocorrência | D59: 0.00191
B60: Total mensal | D60: =(D58*D59)/12 -> 0.72317057
B61: (Fonte: CADTERC Novembro 2025)
B63: Reembolso-creche
B64: Valor mensal para o benefício de reembolso-creche a ser pago conforme Instrução Noemativa SEGES/MGI nº 147, de 13 de abril de 2026 | D64: 526.64
B65: Percentual de Incidência | D65: 0.2
B66: Total mensal | D66: =(D64*D65) -> 105.328
B67: Nota: Reembolso-creche: a publicação da Instrução Normativa SEGES/MGI nº 147, de 13 de abril de 2026 estabeleceu novas regras para o benefício de reembolso-creche em contratos com dedicação exclusiva de mão de obra, tornando o benefício que deve ser obrigatoriamente contemplado como um custo mínimo relevante. Para o provisionamento, deve-se utilizar o valor fixo de R$ 526,64 por dependente, aplicando o percentual de incidência de 20% previsto no Anexo II ou métodos estatísticos que reflitam a realidade da força de trabalho alocada. O pagamento à contratada fica condicionado à comprovação mensal do efetivo desembolso, sendo vedada a apropriação de eventuais saldos não utilizados pela empresa.

Sheet Memória de Cálculo 2 (Insumos)
A1: Memória de Cálculo 2
A3: ESTIMATIVA DE UNIFORMES POR VIGILANTE
A4: A – Item | B4: B -Quantidade | C4: C – Periodicidade de entrega (meses) | D4: D - Vigência contratual (meses) | E4: E – Quant. Total (D/C) X B | F4: F - Valor Unitário | G4: G - Valor Total (E x F)
A5: Calça | B5: 2 | C5: 6 | D5: 36 | E5: =D5/C5*B5 -> 12 | F5: 133.71 | G5: =E5*F5 -> 1604.52
A6: Camisa de mangas curtas | B6: 2 | C6: 6 | D6: 36 | E6: =D6/C6*B6 -> 12 | F6: 79.5 | G6: =E6*F6 -> 954
A7: Camisa de mangas compridas | B7: 2 | C7: 6 | D7: 36 | E7: =D7/C7*B7 -> 12 | F7: 100.58 | G7: =E7*F7 -> 1206.96
A8: Cinto | B8: 2 | C8: 6 | D8: 36 | E8: =D8/C8*B8 -> 12 | F8: 28.11 | G8: =E8*F8 -> 337.32
A9: Par de Sapatos ou Coturnos | B9: 2 | C9: 6 | D9: 36 | E9: =D9/C9*B9 -> 12 | F9: 103.07 | G9: =E9*F9 -> 1236.84
A10: Boné ou Quepe com emblema | B10: 2 | C10: 6 | D10: 36 | E10: =D10/C10*B10 -> 12 | F10: 22.21 | G10: =E10*F10 -> 266.52
A11: Jaqueta de frio ou japona | B11: 2 | C11: 6 | D11: 36 | E11: =D11/C11*B11 -> 12 | F11: 122.15 | G11: =E11*F11 -> 1465.8
A12: Capa de chuva | B12: 2 | C12: 6 | D12: 36 | E12: =D12/C12*B12 -> 12 | F12: 26.24 | G12: =E12*F12 -> 314.88
A13: Crachá | B13: 1 | C13: 12 | D13: 36 | E13: =D13/C13*B13 -> 3 | F13: 5.47 | G13: =E13*F13 -> 16.41
A14: Apito c/ cordão | B14: 1 | C14: 36 | D14: 36 | E14: =D14/C14*B14 -> 1 | F14: 5.47 | G14: =E14*F14 -> 5.47
A15: TOTAL | G15: =SUM(G5:G12) -> 7386.84
A16: CUSTO MENSAL ESTIMADO | E16: = total / nº de meses de vigência do contrato | G16: =G15/D5 -> 205.19
A18: MATERIAIS E EQUIPAMENTOS POR POSTO
A19: Item | B19: A -Quant. | C19: B - Vida útil em meses | D19: C - Valor residual | E19: D - Valor Unitário | F19: Total Mensal A X [(D-C)/B]
A20: Cassetete | B20: 1 | C20: 30 | D20: =E20*10% -> 4.051 | E20: 40.51 | F20: =B20*((E20-D20)/C20) -> 1.2153
A21: Porta cassetete | B21: 1 | C21: 30 | D21: =E21*10% -> 2.34 | E21: 23.4 | F21: =B21*((E21-D21)/C21) -> 0.702
A22: Rádio Comunicação | B22: 1 | C22: 30 | D22: =E22*10% -> 24.97 | E22: 249.7 | F22: =B22*((E22-D22)/C22) -> 7.491
A23: Livro de ocorrência | B23: 1 | C23: 12 | D23: =E23*10% -> 2.246 | E23: 22.46 | F23: =B23*((E23-D23)/C23) -> 1.6845
A24: CUSTO MENSAL ESTIMADO | F24: =SUM(F20:F23) -> 11.0928
A25: Lanterna recarregável acima de 12 LEDs | B25: 1 | C25: 36 | D25: =E25*10% -> 5.5 | E25: 55 | F25: =B25*((E25-D25)/C25) -> 1.375
A26: CUSTO MENSAL ESTIMADO PARA POSTO NOTURNO | F26: =SUM(F24:F25) -> 12.4678

Sheet Memória de Cálculo 3
B2: ISS% | C2: 44 HORAS | D2: 12 x 36 DIURNO | E2: 12 x 36 NOTURNO | F2: HORA EVENTUAL DIURNA | G2: HORA EVENTUAL NOTURNA
C3: VALOR UNIT. MENSAL | D3: VALOR UNIT. MENSAL | E3: VALOR UNIT. MENSAL | F3: VALOR DA HORA | G3: VALOR DA HORA
B4: 0.02 | C4: ='Planilha de Custos'!C153 -> 7914.6056 | D4: ='Planilha de Custos'!D153 -> 15785.723 | E4: ='Planilha de Custos'!E153 -> 18453.773 | F4: ='Planilha de Custos'!C160 -> 35.97548 | G4: ='Planilha de Custos'!E160 -> 41.940394
B5: 0.025 | C5: ='Planilha de Custos'!C154 -> 7956.7719 | D5: ='Planilha de Custos'!D154 -> 15869.824 | E5: ='Planilha de Custos'!E154 -> 18552.089 | F5: ='Planilha de Custos'!C161 -> 36.167145 | G5: ='Planilha de Custos'!E161 -> 42.163838
B6: 0.03 | C6: ='Planilha de Custos'!C155 -> 7999.3898 | D6: ='Planilha de Custos'!D155 -> 15954.826 | E6: ='Planilha de Custos'!E155 -> 18651.457 | F6: ='Planilha de Custos'!C162 -> 36.360863 | G6: ='Planilha de Custos'!E162 -> 42.389675
B7: 0.035 | C7: ='Planilha de Custos'!C156 -> 8042.4668 | D7: ='Planilha de Custos'!D156 -> 16040.743 | E7: ='Planilha de Custos'!E156 -> 18751.896 | F7: ='Planilha de Custos'!C163 -> 36.556667 | G7: ='Planilha de Custos'!E163 -> 42.617945
B8: 0.04 | C8: ='Planilha de Custos'!C157 -> 8086.0102 | D8: ='Planilha de Custos'!D157 -> 16127.59 | E8: ='Planilha de Custos'!E157 -> 18853.422 | F8: ='Planilha de Custos'!C164 -> 36.754592 | G8: ='Planilha de Custos'!E164 -> 42.848686
B9: 0.045 | C9: ='Planilha de Custos'!C158 -> 8130.0277 | D9: ='Planilha de Custos'!D158 -> 16215.384 | E9: ='Planilha de Custos'!E158 -> 18956.053 | F9: ='Planilha de Custos'!C165 -> 36.954671 | G9: ='Planilha de Custos'!E165 -> 43.08194
B10: 0.05 | C10: ='Planilha de Custos'!C159 -> 8174.527 | D10: ='Planilha de Custos'!D159 -> 16304.138 | E10: ='Planilha de Custos'!E159 -> 19059.809 | F10: ='Planilha de Custos'!C166 -> 37.156941 | G10: ='Planilha de Custos'!E166 -> 43.317747
